 Dungeon Crawl Stone Soup version 0.30-a0-883-g5ad918d77d (webtiles) character file.

Game seed: 8343664380788465691

764 112233 the Magician (level 7, 0/46 HPs)
             Began as a Demonspawn Air Elementalist on Mar 16, 2023.
             Slain by a kobold brigand
             ... wielding a +0 whip
              (3 damage)
             ... on level 6 of the Dungeon.
             The game lasted 00:06:05 (5209 turns).

112233 the Magician (Demonspawn Air Elementalist)   Turns: 5209, Time: 00:06:05

Health: 0/46       AC:  8    Str: 13    XL:     7   Next: 51%
Magic:  9/16       EV: 12    Int: 17    God:
Gold:   255        SH:  0    Dex: 12    Spells: 8/18 levels left

rFire   . . .      SeeInvis .    y - +2 dagger (venom)
rCold   . . .      Faith    .    (no shield)
rNeg    . . .      Spirit   .    a - +0 robe
rPois   .          Reflect  .    (helmet restricted)
rElec   .          Rampage  .    x - +0 cloak
rCorr   .                        r - +0 pair of gloves
Will    +....                    (no boots)
Stlth   ++                       (no amulet)
HPRegen 0.27/turn                p - ring of willpower
MPRegen 0.30/turn                n - +4 ring of protection

@: lethally poisoned (0 -> -5)
A: antennae 2, magic regeneration, claws 1, strong 1
a: no special abilities


You were on level 6 of the Dungeon.
You visited 1 branch of the dungeon, and saw 6 of its levels.

You collected 255 gold pieces.

Inventory:

Hand Weapons
 y - a +2 dagger of venom (weapon)
Armour
 a - a +0 robe (worn)
 r - a +0 pair of gloves (worn)
 x - a +0 cloak (worn)
Jewellery
 j - a ring of see invisible
 n - a +4 ring of protection (right hand)
 p - a ring of willpower (left hand)
Wands
 g - a wand of iceblast (7)
Scrolls
 d - a scroll of fog {unknown}
 e - 2 scrolls of blinking
 f - a scroll of identify
 h - a scroll of magic mapping {unknown}
 i - a scroll of enchant armour {unknown}
 k - a scroll of teleportation {unknown}
 m - a scroll of immolation
 o - a scroll of acquirement {unknown}
 s - a scroll of fear {unknown}
 t - a scroll of poison
 v - a scroll of noise {unknown}
Potions
 b - a potion of magic
 q - a potion of attraction {unknown}
 u - 2 potions of brilliance
 w - a potion of might {unknown}
 z - a potion of degeneration {unknown}


   Skills:
 - Level 1.8 Dodging
 - Level 1.8 Stealth
 + Level 6.2 Spellcasting
 - Level 1.1 Conjurations
 + Level 5.4 Air Magic


You had 8 spell levels left.
You knew the following spells:

 Your Spells              Type           Power      Damage    Failure   Level
a - Shock                 Conj/Air       64%        1d7       3%          1
b - Static Discharge      Conj/Air       32%        2-4/arc   4%          2
c - Swiftness             Air            23%        N/A       4%          3
d - Airstrike             Air            11%        2d(2-18)  13%         4

Your spell library contained the following spells:

 Spells                   Type           Power      Damage    Failure   Level
 Summon Small Mammal      Summ           20%        N/A       13%         1
 Hailstorm                Conj/Ice       7%         3d4       30%         3
 Call Canine Familiar     Summ           5%         N/A       36%         3
 Summon Guardian Golem    Hex/Summ       5%         N/A       36%         3
 Ice Form                 Ice/Tmut       5%         N/A       77%         4
 Simulacrum               Ice/Necr       2%         N/A       100%        6


Dungeon Overview and Level Annotations

Branches:
Dungeon (6/15)
 Temple: D:4-7

Altars:
Nemelex Xobeh

Shops:
D:2 ?

Annotations:
D:2 exclusion: downstairs
D:3 Robin, Sigmund
D:4 3 runed translucent doors, choppaz's ghost, amateur DEEE


Innate Abilities, Weirdness & Mutations

You have a pair of antennae on your head.
You regenerate magic rapidly.
You have sharp fingernails.
Your muscles are strong. (Str +4, Int/Dex -1)


Message History

The lightning grounds out.
The water moccasin bites you. The water moccasin bites you.
You are poisoned.
The water moccasin poisons you!
The kobold brigand hits you with a +0 whip.
Unknown command.
Casting: Static Discharge (safe; 4% risk of failure)
Confirm with . or Enter, or press ? or * to list all spells.
The kobold brigand is struck by an arc of lightning.
The kobold brigand is moderately wounded.
You are struck by an arc of lightning.
The water moccasin is struck by an arc of lightning.
The water moccasin is lightly wounded.
The kobold brigand is struck by an arc of lightning.
The kobold brigand is heavily wounded.
The lightning grounds out.
The water moccasin is struck by an arc of lightning.
The water moccasin is moderately wounded.
The kobold is struck by an arc of lightning.
You kill the kobold!
The kobold is struck by an arc of lightning.
You kill the kobold!
The water moccasin is struck by an arc of lightning.
The water moccasin is heavily wounded.
The lightning grounds out.
You feel very sick. The water moccasin barely misses you.
The water moccasin completely misses you.
The kobold brigand hits you with a +0 whip!
* * * LOW HITPOINT WARNING * * *
You feel sick.
The water moccasin bites you but does no damage.
The kobold brigand hits you with a +0 whip.
* * * LOW HITPOINT WARNING * * *
It was a potion of cancellation.
You feel magically purged.
Your magical contamination has completely faded away.
* * * LOW HITPOINT WARNING * * *
You feel sick. The water moccasin barely misses you.
The kobold brigand hits you with a +0 whip.
You die...

....
#.....#......#
....#
#..#..####...#
..!. #.###.#
##..# #..#
##.# #..# ###.
#..# #..# ##.#
#. #.. #..#
#..#####.
#.###..#
#.......#
#..#...#
#)..##...#
#K@)...##..
###.#
#)S####....#
#.. #.>#
##..## ##..
...# ..# #..#
..... ...#
####.## ..#.
...###....#
..#.
.........##
#...####..#
##. ##..


You could see a water moccasin and a kobold brigand.

Vanquished Creatures
  A sky beast (D:5)
  An ice beast (D:5)
  An ogre (D:5)
  A bullfrog (D:6)
  An orc priest (D:5)
  3 jellies
  A hound (D:5)
  2 iguanas
  An orc wizard (D:5)
  4 gnolls (D:5)
  4 adders
  2 white imps (D:5)
  An ufetubus (D:5)
  2 worms (D:2)
  3 dart slugs
  14 orcs
  5 endoplasms
  4 giant cockroaches
  6 goblins
  5 hobgoblins
  11 kobolds
  A quokka (D:4)
  5 ball pythons
  6 bats
  A frilled lizard (D:2)
  5 rats
91 creatures vanquished.

Notes
Turn   | Place    | Note
-------+----------+-------------------------------------------
     0 | D:1      | 112233 the Demonspawn Air Elementalist began the quest for
                  | the Orb.
     0 | D:1      | Reached XP level 1. HP: 13/13 MP: 3/3
   290 | D:1      | Gained mutation: You regenerate magic rapidly. [demonic
                  | ancestry]
   290 | D:1      | Reached XP level 2. HP: 19/19 MP: 0/5
   873 | D:2      | Reached skill level 3 in Spellcasting
   876 | D:2      | Learned a level 2 spell: Static Discharge
  1016 | D:2      | Gained mutation: You have a pair of small antennae on your
                  | head. [demonic ancestry]
  1016 | D:2      | Reached XP level 3. HP: 24/24 MP: 2/7
  1098 | D:2      | Found Doveadd's Magic Scroll Emporium.
  1480 | D:2      | Reached XP level 4. HP: 30/30 MP: 4/9
  1856 | D:3      | Noticed Robin
  1856 | D:3      | Noticed Sigmund
  2139 | D:3      | Reached skill level 4 in Spellcasting
  2443 | D:4      | Found a runed translucent gate.
  2443 | D:4      | Found a runed translucent gate.
  2444 | D:4      | Found a runed translucent gate.
  2452 | D:4      | Noticed choppaz's ghost (amateur DEEE)
  2507 | D:4      | Found a sparkling altar of Nemelex Xobeh.
  2559 | D:4      | Identified the +5 chain mail "Hiynal" {rPois Regen+ SInv}
  2682 | D:4      | Reached XP level 5. HP: 21/35 MP: 3/11
  2899 | D:4      | Identified the +3 ring mail of Puwkif {+Blink rF+}
  2901 | D:4      | Identified the +5 chain mail of the Eternal Fruit {Rampage
                  | rF- rN+}
  3103 | D:5      | Entered Level 5 of the Dungeon
  3393 | D:5      | Noticed an ogre
  3408 | D:5      | Noticed a sky beast
  3410 | D:5      | Killed an ogre
  3411 | D:5      | Reached skill level 5 in Spellcasting
  3411 | D:5      | Reached XP level 6. HP: 35/41 MP: 9/13
  3414 | D:5      | Gained mutation: Your muscles are strong. (Str +4, Int/Dex
                  | -1) [potion of mutation]
  3414 | D:5      | Gained mutation: You have sharp fingernails. [potion of
                  | mutation]
  3417 | D:5      | Killed a sky beast
  3418 | D:5      | Noticed an ice beast
  3429 | D:5      | Killed an ice beast
  3689 | D:5      | Learned a level 3 spell: Swiftness
  3694 | D:5      | Learned a level 4 spell: Airstrike
  3778 | D:5      | Gained mutation: You have a pair of antennae on your head.
                  | [demonic ancestry]
  3778 | D:5      | Reached XP level 7. HP: 42/46 MP: 3/15
  4127 | D:5      | Reached skill level 5 in Air Magic
  4455 | D:5      | Reached skill level 6 in Spellcasting
  5209 | D:6      | Slain by a kobold brigand

Illustrated notes

Levels and vault maps discovered:
D:1:      nicolae_arrival_memento_mori, layout_basic
D:2:      layout_loops_ring, serial_shops,
          nicolae_shop_temple_entry_statues_fountains
D:3:      cheibrodos_thug_alley, layout_basic, minmay_misc_feat_columns,
          uniq_robin, uniq_sigmund
D:4:      layout_basic, marbit_many_paths, gammafunk_ghost_necromancy
D:5:      layout_gridville
D:6:      layout_layer_cave, nicolae_yredelemnul_corpse_copse, uniq_grinder,
          uniq_blork_the_orc

Skill      XL: |  1  2  3  4  5  6  7 |
---------------+----------------------+-----
Spellcasting   | 3 4 5 6 |  6.2
Air Magic      | 3 4 5 |  5.4
Dodging        | |  1.8
Stealth        | |  1.8
Conjurations   | |  1.1

Action                     |  1- 3 |  4- 6 |  7- 9 || total
---------------------------+-------+-------+-------++-------
  Melee: Unarmed           |    21 |       |       ||    21
         Dagger            |       |     7 |     4 ||    11
   Cast: Shock             |    94 |   104 |    46 ||   244
         Static Discharge  |     2 |    13 |    14 ||    29
    Use: Potion            |     1 |     5 |     1 ||     7
         Scroll            |       |     4 |       ||     4
 Armour: Robe              |     7 |     9 |     5 ||    21
         Skin              |       |    11 |       ||    11
  Dodge: Dodged            |    14 |    23 |    29 ||    66

Table legend: (Time is in decaauts)
 A = Elapsed time spent in this place.
 B = Non-inter-level travel time spent in this place.
 C = Inter-level travel time spent in this place.
 D = Time resting spent in this place.
 E = Time spent auto-exploring this place.
 F = Levels seen in this place.
 G = Mean time per level.
                   A        B        C        D        E       F      G
               +--------+--------+--------+--------+--------+-----+--------+
         Total |   5206 |   4973 |    233 |    853 |   3426 |   6 |  867.7 |
       Dungeon |   5206 |   4973 |    233 |    853 |   3426 |   6 |  867.7 |
               +--------+--------+--------+--------+--------+-----+--------+

Top non-repeatable levels by time:
     D:5: 1667 daAuts
     D:4: 1114 daAuts
     D:2: 1084 daAuts
     D:1: 836 daAuts
     D:3: 335 daAuts
     D:6: 168 daAuts
